[Event "Titled Tuesday Blitz April 26 Early 2022"]
[White "Aaditya Dhingra"]
[Black "Fedoseev, Vladimir"]
[WhiteFideId "25678191"]
[BlackFideId "24130737"]
[WhiteElo "1849"]
[BlackElo "2726"]
[Result "0-1"]
[Round "01"]
[TimeControl "180+1"]
[Date "2022.04.26"]
[WhiteClock "0:00:10"]
[BlackClock "0:00:14"]

1. e4 c6 2. d4 d5 3. e5 Bf5 4. Bd3 Bxd3 5. Qxd3 e6 6. Ne2 c5 7. c3 Nc6 8. O-O Rc8 9. a3 c4 10. Qc2 h5 11. f4 g6 12. Be3 Nge7 13. Nd2 Nf5 14. Bf2 Be7 15. Nf3 b5 16. g3 a5 17. h3 Kd7 18. Kg2 g5 19. g4 hxg4 20. hxg4 Nh6 21. fxg5 Nxg4 22. Qd2 Nxf2 23. Kxf2 Qg8 24. Rh1 Qg6 25. Qf4 Rcg8 26. Rh6 Rxh6 27. gxh6 Rh8 28. Rh1 Bf8 29. Rg1 Bxh6 30. Rxg6 Bxf4 31. Rf6 Bh6 32. Rxf7+ Ne7 33. Nh4 Rf8 34. Rxf8 Bxf8 35. Kf3 Bh6 36. Kg4 Nc6 37. Kh5 Be3 38. Kg6 b4 39. axb4 axb4 40. Ng2 Bd2 41. Kf7 Nd8+ 42. Kf6 b3 43. Ngf4 Be3 44. Ng6 Ke8 45. Ngf4 Kd7 46. Ng6 Bh6 47. Ngf4 Bf8 48. Ng6 Ba3 49. Ng3 Bxb2 50. Nf8+ Kc6 51. Nxe6 Nxe6 52. Kxe6 Bxc3 53. Ne2 Bd2 54. Kf7 b2 55. e6 b1=Q 56. e7 Qf5+ 57. Kg8 Qe6+ 58. Kf8 Bh6+ 59. Ke8 Kd6 0-1


[Site "https://www.chess.com"]

[Event "Titled Tuesday Blitz April 26 Early 2022"]
[White "Abarca Gonzalez, Nicolas"]
[Black "Sanchez, Robert"]
[WhiteFideId "3409422"]
[BlackFideId "2034360"]
[WhiteElo "2504"]
[BlackElo "2403"]
[Result "1-0"]
[Round "01"]
[TimeControl "180+1"]
[Date "2022.04.26"]
[WhiteClock "0:00:23"]
[BlackClock "0:00:46"]

1. e4 e6 2. d4 d5 3. exd5 exd5 4. c4 Nf6 5. Nc3 Bb4 6. Nf3 O-O 7. Bd3 dxc4 8. Bxc4 Bg4 9. Be3 Nc6 10. O-O Bxf3 11. Qxf3 Nxd4 12. Qxb7 Rb8 13. Qxa7 c5 14. Qa4 Ng4 15. Qd1 Nxe3 16. fxe3 Bxc3 17. bxc3 Nc6 18. Qd5 Qc7 19. Qxc5 Rbc8 20. a4 Qd7 21. Bb5 Qe6 22. Bc4 Qh6 23. Rxf7 Rxf7 24. Bxf7+ Kh8 25. Bd5 Qg5 26. Rf1 h6 27. Rf8+ 1-0


[Site "https://www.chess.com"]

[Event "Titled Tuesday Blitz April 26 Early 2022"]
[White "Abdusattorov, Nodirbek"]
[Black "Subelj, Jan"]
[WhiteFideId "14204118"]
[BlackFideId "14618583"]
[WhiteElo "2663"]
[BlackElo "2306"]
[Result "1-0"]
[Round "01"]
[TimeControl "180+1"]
[Date "2022.04.26"]
[WhiteClock "0:00:09"]
[BlackClock "0:00:02"]

1. d4 Nf6 2. Nf3 e6 3. Bf4 d5 4. e3 Bd6 5. Nbd2 b6 6. c3 O-O 7. Ne5 c5 8. Bd3 Ba6 9. Bxa6 Nxa6 10. h4 Ne8 11. h5 f6 12. Nef3 cxd4 13. Bxd6 Nxd6 14. exd4 Nc7 15. Qe2 Re8 16. O-O Qe7 17. Rfe1 Qf7 18. Nh4 e5 19. dxe5 Rxe5 20. Qg4 Qxh5 21. Qd7 Qxh4 22. Rxe5 fxe5 23. Qxd6 Qh6 24. Qxc7 Qxd2 25. Qxe5 Rf8 26. Rf1 Qxb2 27. Qxd5+ Kh8 28. Qd6 Kg8 29. Qe6+ Rf7 30. a4 g6 31. Qe8+ Rf8 32. Qe6+ Rf7 33. Qc8+ Kg7 34. Qc4 Qd2 35. g3 Re7 36. Kg2 Qe2 37. Qd4+ Qe5 38. Rd1 Qxd4 39. cxd4 Rd7 40. Kf3 Kf6 41. Ke4 Ke6 42. f4 Kd6 43. g4 Re7+ 44. Kf3 Kd5 45. f5 Rf7 46. Kf4 h6 47. Rh1 h5 48. Kg5 gxf5 49. gxh5 f4 50. h6 f3 51. h7 1-0


[Site "https://www.chess.com"]

[Event "Titled Tuesday Blitz April 26 Early 2022"]
[White "Aggelis, Nikolaos"]
[Black "Andreikin, Dmitry"]
[WhiteFideId "4213220"]
[BlackFideId "4158814"]
[WhiteElo "2154"]
[BlackElo "2736"]
[Result "0-1"]
[Round "01"]
[TimeControl "180+1"]
[Date "2022.04.26"]
[WhiteClock "0:00:09"]
[BlackClock "0:01:19"]

1. d4 Nf6 2. g3 d5 3. Nf3 Bf5 4. c4 dxc4 5. Bg2 Nc6 6. O-O e6 7. Qa4 Be4 8. Qxc4 Qd5 9. Qxd5 Nxd5 10. Nc3 Bxf3 11. Bxf3 Nxd4 12. Bxd5 exd5 13. Nxd5 Nxe2+ 14. Kg2 O-O-O 15. Nf4 Nd4 16. Rd1 Bb4 17. Nd3 Ba5 18. Bg5 f6 19. Bd2 Nc2 20. Rac1 Bxd2 21. Rxc2 Rxd3 22. Rcxd2 Rxd2 23. Rxd2 Rd8 24. Re2 c5 25. Re7 Rd7 26. Re2 Kc7 27. Kf1 b5 28. Ke1 a5 29. Re6 a4 30. Ra6 Kb7 31. Ra5 Kb6 32. Ra8 c4 33. a3 Kc5 34. Rc8+ Kd4 35. Ke2 h5 36. h4 g5 37. Rh8 gxh4 38. gxh4 Rd5 39. Rf8 Re5+ 40. Kd2 Rf5 41. Ke2 Ke4 42. Re8+ Re5 43. Rf8 Kf4+ 44. Kd2 f5 45. Rh8 Kg4 46. f4 Rd5+ 47. Kc3 Rd3+ 48. Kc2 Kxh4 49. Rf8 Kg4 50. Rb8 h4 51. Rxb5 h3 0-1


[Site "https://www.chess.com"]

[Event "Titled Tuesday Blitz April 26 Early 2022"]
[White "Akrakan"]
[Black "Plotnikov, Pavel"]
[BlackFideId "4170342"]
[WhiteElo "2045"]
[BlackElo "2298"]
[Result "0-1"]
[Round "01"]
[TimeControl "180+1"]
[Date "2022.04.26"]
[WhiteClock "0:00:58"]
[BlackClock "0:00:12"]

1. e4 c5 2. Nf3 Nc6 3. c3 d5 4. e5 Bf5 5. d4 e6 6. Bd3 Bxd3 7. Qxd3 cxd4 8. cxd4 Nge7 9. O-O Nf5 10. Nc3 Be7 11. Bd2 O-O 12. Rac1 Qb6 13. Na4 Qc7 14. Nc5 Rac8 15. h3 b6 16. Nb3 Qb7 17. Bc3 Rc7 18. Rc2 Rfc8 19. Rcc1 a5 20. a3 a4 21. Nbd2 b5 22. Rcd1 b4 23. axb4 Nxb4 24. Qe2 Qb6 25. Nb1 Nc6 26. Qd2 Bb4 27. g4 Nfe7 28. Qd3 Bxc3 29. bxc3 Na5 30. Nfd2 Nc4 31. Nxc4 Rxc4 32. Na3 Rxc3 33. Qb5 Qa7 34. Rd3 Rxd3 35. Qxd3 Qa5 36. Nb1 Rb8 37. Kg2 Nc6 38. Rc1 Nb4 39. Qa3 h6 40. Nc3 Ra8 41. Rb1 Nc6 42. Ra1 Nxd4 43. Nxa4 Nc2 44. Qc3 Nxa1 45. Qxa1 Qxa4 46. Qe1 Qe4+ 47. Qxe4 dxe4 48. Kg3 Ra4 49. Kf4 Kf8 50. Ke3 Ke7 51. h4 Kd7 52. Kd2 g5 53. Ke3 Kc6 54. hxg5 hxg5 55. Ke2 Kd5 0-1


[Site "https://www.chess.com"]

[Event "Titled Tuesday Blitz April 26 Early 2022"]
[White "Allahverdiyeva, Ayan"]
[Black "Cunha, Lucas Aguiar"]
[WhiteFideId "13412590"]
[BlackFideId "2125404"]
[WhiteElo "1910"]
[BlackElo "2361"]
[Result "0-1"]
[Round "01"]
[TimeControl "180+1"]
[Date "2022.04.26"]
[WhiteClock "0:00:01"]
[BlackClock "0:01:11"]

1. e4 c5 2. Nf3 e6 3. d4 cxd4 4. Nxd4 Nc6 5. Nc3 Qc7 6. g3 a6 7. Bg2 Nf6 8. O-O d6 9. Re1 Bd7 10. Nxc6 bxc6 11. Qe2 e5 12. f4 Be7 13. f5 h5 14. h3 a5 15. Bg5 Qb6+ 16. Be3 Qxb2 17. Na4 Qa3 18. Nb6 Rd8 19. Reb1 a4 20. Qd2 d5 21. Nxd7 Rxd7 22. Rb8+ Bd8 23. exd5 cxd5 24. Bf1 d4 25. Bf2 O-O 26. Bb5 Rd5 27. Bc4 Ba5 28. Rxf8+ Qxf8 29. Qd3 e4 30. Qe2 Rd8 31. g4 hxg4 32. hxg4 Qc5 33. Rd1 Bc3 34. g5 Ng4 35. Qxg4 Qxc4 36. Qxe4 a3 37. g6 Qxa2 38. Qh4 f6 39. Qh7+ Kf8 40. Qh8+ Qg8 41. Qh4 a2 42. Bxd4 Rxd4 0-1


[Site "https://www.chess.com"]

[Event "Titled Tuesday Blitz April 26 Early 2022"]
[White "Andrews, Todd"]
[Black "Biletskiy, Danylo"]
[WhiteFideId "2012456"]
[BlackFideId "14155419"]
[WhiteElo "2348"]
[BlackElo "2087"]
[Result "1/2-1/2"]
[Round "01"]
[TimeControl "180+1"]
[Date "2022.04.26"]
[WhiteClock "0:00:10"]
[BlackClock "0:00:15"]

1. d4 Nf6 2. c4 e6 3. Nc3 Bb4 4. Qc2 O-O 5. a3 Bxc3+ 6. Qxc3 d5 7. cxd5 exd5 8. Bg5 Nbd7 9. e3 c6 10. Bd3 Ne4 11. Bxd8 Nxc3 12. Bh4 Ne4 13. f3 Nef6 14. Ne2 Re8 15. Bf2 Nf8 16. O-O Ne6 17. b4 Bd7 18. Rfc1 a5 19. g4 h5 20. h3 Ra7 21. Nc3 axb4 22. axb4 Rea8 23. Rab1 Ra3 24. Kg2 g5 25. Bf5 Kg7 26. Bg3 hxg4 27. hxg4 Ng8 28. Be5+ f6 29. Bd6 Nh6 30. Bd3 Nf7 31. Bg3 Rh8 32. Rc2 Rha8 33. b5 Ra1 34. Rxa1 Rxa1 35. bxc6 Bxc6 36. Bf5 Nf8 37. Ne2 Ng6 38. Nc1 Nh4+ 39. Bxh4 gxh4 40. Nd3 Ng5 41. Nf4 Kf7 42. Rb2 Ra3 43. Kf2 h3 44. Rb1 h2 45. Rh1 Ra2+ 46. Kg3 Ra3 47. Ng2 b5 48. Rxh2 b4 49. Rh1 b3 50. Rb1 Bb5 51. Nf4 Bc4 52. Bg6+ Ke7 53. Bf5 Kd6 54. Nh5 Ra2 55. Nxf6 Ne6 56. e4 Nxd4 57. g5 Nxf5+ 58. exf5 b2 59. g6 Bd3 60. Rxb2 Rxb2 61. g7 Rb8 62. g8=Q Rxg8+ 63. Nxg8 Bxf5 64. Nh6 Be6 65. Kf4 Bd7 66. Ng4 Bxg4 67. fxg4 Ke6 68. g5 Kf7 69. Ke5 Kg6 70. Kxd5 Kxg5 1/2-1/2


[Site "https://www.chess.com"]

[Event "Titled Tuesday Blitz April 26 Early 2022"]
[White "Arabidze, Meri"]
[Black "Ajay Krishna, S"]
[WhiteFideId "13604040"]
[BlackFideId "5096430"]
[WhiteElo "2335"]
[BlackElo "2247"]
[Result "1-0"]
[Round "01"]
[TimeControl "180+1"]
[Date "2022.04.26"]
[WhiteClock "0:01:28"]
[BlackClock "0:01:18"]

1. Nf3 c5 2. g3 Nc6 3. Bg2 g6 4. d4 cxd4 5. Nxd4 Bg7 6. Nxc6 bxc6 7. c4 Rb8 8. Nc3 Ba6 9. Qa4 Qb6 10. O-O Nh6 11. Be3 Qb7 12. Ne4 Qc8 13. Nc5 Bb7 14. Rad1 O-O 15. Nxd7 Nf5 16. Bc5 Ba8 17. Nxb8 Qxb8 18. b3 Qe5 19. Qxa7 Qxe2 20. Rfe1 Qc2 21. Be4 Qb2 22. Bxf5 gxf5 23. Qxe7 Qxa2 24. Rd8 1-0


[Site "https://www.chess.com"]

[Event "Titled Tuesday Blitz April 26 Early 2022"]
[White "Aradhya, Garg"]
[Black "Stelmaszyk, Nico"]
[WhiteFideId "25006746"]
[BlackFideId "16200462"]
[WhiteElo "2169"]
[BlackElo "2119"]
[Result "1-0"]
[Round "01"]
[TimeControl "180+1"]
[Date "2022.04.26"]
[WhiteClock "0:00:10"]
[BlackClock "0:00:12"]

1. d4 d5 2. c4 e6 3. c5 b6 4. Be3 Nf6 5. Nc3 Ng4 6. b4 Nxe3 7. fxe3 a5 8. a3 axb4 9. axb4 Rxa1 10. Qxa1 bxc5 11. bxc5 g6 12. Nf3 Bh6 13. e4 Bb7 14. Nb1 dxe4 15. Ne5 e3 16. Qa4+ c6 17. Qb4 Ba6 18. g3 O-O 19. Bg2 Qc7 20. Nc3 Bg7 21. Kf1 Rd8 22. Bf3 Bxe5 23. dxe5 Qxe5 24. Kg2 Nd7 25. Rd1 Rb8 26. Qa5 Nxc5 27. Ne4 Rb5 28. Qd8+ Kg7 29. Nd6 Rb2 30. Ne8+ Kh6 31. Qh4+ Qh5 32. Bxh5 g5 33. Qh3 1-0


[Site "https://www.chess.com"]

[Event "Titled Tuesday Blitz April 26 Early 2022"]
[White "Asavasaetakul, Chawit"]
[Black "volunteers1998"]
[WhiteFideId "6204856"]
[WhiteElo "1697"]
[BlackElo "2287"]
[Result "1/2-1/2"]
[Round "01"]
[TimeControl "180+1"]
[Date "2022.04.26"]
[WhiteClock "0:00:19"]
[BlackClock "0:00:28"]

1. e4 c5 2. d4 cxd4 3. c3 dxc3 4. Nxc3 Nc6 5. Nf3 d6 6. Bc4 a6 7. O-O Nf6 8. h3 e6 9. Qe2 Be7 10. Rd1 Qc7 11. Bf4 O-O 12. Rac1 Bd7 13. e5 dxe5 14. Nxe5 Nxe5 15. Bxe5 Qd8 16. Rd2 Qc8 17. Rcd1 Bc6 18. Bb3 Rd8 19. Rd3 Rxd3 20. Rxd3 Bb5 21. Nxb5 axb5 22. Rc3 Qe8 23. Rc7 b6 24. Qc2 Qd8 25. Qc6 Bc5 26. Bxf6 gxf6 27. Bxe6 fxe6 28. Qxe6+ Kh8 29. Qf7 Qd1+ 30. Kh2 Bd6+ 31. g3 Bxc7 32. Qxf6+ Kg8 33. Qg5+ Kh8 34. Qf6+ Kg8 35. Qg5+ Kh8 36. Qf6+ 1/2-1/2


[Site "https://www.chess.com"]

[Event "Titled Tuesday Blitz April 26 Early 2022"]
[White "Aslanov, Umid"]
[Black "Grandelius, Nils"]
[WhiteFideId "13412620"]
[BlackFideId "1710400"]
[WhiteElo "1796"]
[BlackElo "2617"]
[Result "0-1"]
[Round "01"]
[TimeControl "180+1"]
[Date "2022.04.26"]
[WhiteClock "0:00:03"]
[BlackClock "0:00:17"]

1. e4 c5 2. Nf3 d6 3. d4 cxd4 4. Nxd4 Nf6 5. Nc3 Nc6 6. Bc4 Qb6 7. Nxc6 bxc6 8. O-O g6 9. Qe1 Ng4 10. h3 Ne5 11. Bb3 Ba6 12. Be3 Qb7 13. Ne2 Bg7 14. f4 Nd7 15. c3 Bd3 16. Rd1 Bxe4 17. Ng3 Bd5 18. Bxd5 cxd5 19. Qd2 O-O 20. f5 Nf6 21. fxg6 fxg6 22. Bg5 e6 23. c4 Rae8 24. Bxf6 Rxf6 25. Rxf6 Bxf6 26. cxd5 Qxb2 27. Qxb2 Bxb2 28. dxe6 Rxe6 29. Kf2 Ba3 30. Kf3 Re5 31. Ne4 Re6 32. Rd5 Re5 33. Rd4 Rf5+ 34. Kg4 h5+ 35. Kg3 Bb2 36. Rd2 Be5+ 37. Kh4 Rf4+ 38. Kg5 Rxe4 39. Kxg6 Kf8 40. Rc2 h4 41. Rc7 Bd4 42. Rd7 Bc5 43. Kf6 Ke8 44. Rh7 Bd4+ 45. Kf5 Re5+ 46. Kf4 Bf2 47. Kf3 Rf5+ 48. Ke4 Rf7 49. Rh8+ Kd7 50. Rh5 Re7+ 51. Kd5 Bg3 52. Kc4 Kc6 53. Ra5 Re4+ 54. Kc3 Re2 55. Kd3 Rxg2 56. Rxa7 Rh2 57. a4 Rxh3 58. Ke4 d5+ 59. Kf5 Bc7 60. Ra6+ Kb7 61. Re6 Rh1 62. Kg4 h3 63. Re2 h2 64. Kh3 0-1


[Site "https://www.chess.com"]

[Event "Titled Tuesday Blitz April 26 Early 2022"]
[White "Bachmann, Axel"]
[Black "Moussard, Jules"]
[WhiteFideId "3700488"]
[BlackFideId "642908"]
[WhiteElo "2587"]
[BlackElo "2589"]
[Result "0-1"]
[Round "01"]
[TimeControl "180+1"]
[Date "2022.04.26"]
[WhiteClock "0:00:21"]
[BlackClock "0:01:34"]

1. d4 d5 2. Nf3 Nf6 3. g3 e6 4. c4 dxc4 5. Bg2 Nc6 6. Qa4 Bd6 7. Qxc4 O-O 8. O-O e5 9. dxe5 Nxe5 10. Nxe5 Bxe5 11. Nc3 c6 12. Rd1 Be6 13. Rxd8 Bxc4 14. Rxf8+ Kxf8 15. Be3 Bxc3 16. bxc3 Bxe2 17. Rb1 Ba6 18. a4 Nd5 19. Bxd5 cxd5 20. a5 Rc8 21. Bd4 f6 22. f4 Kf7 23. Rb3 Kg6 24. Bxa7 Kf5 25. Kf2 h5 26. Bd4 Kg4 27. Kg2 Re8 28. Rb2 Re1 29. h3+ Kf5 30. Kf3 Rh1 31. g4+ Kg6 32. Kg3 h4+ 33. Kxh4 Bf1 34. Kg3 Rxh3+ 35. Kf2 Rh2+ 36. Kxf1 Rxb2 37. Ke1 Rg2 38. Kf1 Rxg4 39. Be3 Kf5 40. Ke2 Rxf4 41. Bxf4 Kxf4 42. Kd3 Ke5 43. c4 Kd6 44. Kd4 dxc4 45. Kxc4 Kc6 46. Kb4 g5 47. Kc4 g4 48. Kd4 f5 49. Ke3 Kb5 50. Kf4 Kxa5 51. Kxf5 g3 52. Kf4 g2 53. Ke4 g1=Q 54. Kf5 Qd4 55. Kg5 Qe4 0-1


[Site "https://www.chess.com"]

[Event "Titled Tuesday Blitz April 26 Early 2022"]
[White "Banusz, Tamas"]
[Black "Shtyka, Sergey"]
[WhiteFideId "722413"]
[BlackFideId "4138465"]
[WhiteElo "2602"]
[BlackElo "2014"]
[Result "1-0"]
[Round "01"]
[TimeControl "180+1"]
[Date "2022.04.26"]
[WhiteClock "0:01:45"]
[BlackClock "0:01:40"]

1. Nf3 c5 2. c4 Nc6 3. Nc3 g6 4. g3 Bg7 5. Bg2 Nf6 6. O-O O-O 7. d4 cxd4 8. Nxd4 Nxd4 9. Qxd4 d6 10. Qd3 Ng4 11. b3 Ne5 12. Qd2 Nc6 13. Bb2 Be6 14. Nd5 Bxd5 15. cxd5 Ne5 16. Rac1 Rc8 17. Bh3 Rxc1 18. Rxc1 Qb6 19. Kf1 Qb5 20. Kg2 a5 21. f4 Nd7 22. Bxg7 Kxg7 23. a4 Qxb3 24. Bxd7 1-0


[Site "https://www.chess.com"]

[Event "Titled Tuesday Blitz April 26 Early 2022"]
[White "Barria Zuniga, Daniel"]
[Black "Winkels, Marcel"]
[WhiteFideId "3400816"]
[BlackFideId "1003887"]
[WhiteElo "2414"]
[BlackElo "1900"]
[Result "1-0"]
[Round "01"]
[TimeControl "180+1"]
[Date "2022.04.26"]
[WhiteClock "0:01:21"]
[BlackClock "0:00:39"]

1. c4 e5 2. g3 Nc6 3. Bg2 f5 4. Nc3 Nf6 5. Nh3 d6 6. Rb1 Be7 7. b4 O-O 8. b5 Nb8 9. O-O Qe8 10. d3 Qh5 11. e3 Qxd1 12. Rxd1 Nbd7 13. a4 Rb8 14. a5 Nc5 15. d4 Nce4 16. Nxe4 Nxe4 17. Bb2 exd4 18. Bxd4 Bf6 19. Bxa7 Ra8 20. b6 Be6 21. Bxe4 fxe4 22. Nf4 Bxc4 23. Rbc1 d5 24. Nxd5 Bxd5 25. Rxd5 c6 26. Rd7 Rf7 27. Rcd1 Raf8 28. a6 bxa6 29. b7 Be5 30. Bc5 Rb8 31. Rd8+ 1-0


[Site "https://www.chess.com"]

[Event "Titled Tuesday Blitz April 26 Early 2022"]
[White "Bethke, Richard"]
[Black "Butti, Enrique"]
[WhiteFideId "12959243"]
[BlackFideId "3700470"]
[WhiteElo "2528"]
[BlackElo "2080"]
[Result "1-0"]
[Round "01"]
[TimeControl "180+1"]
[Date "2022.04.26"]
[WhiteClock "0:02:25"]
[BlackClock "0:02:16"]

1. e4 c5 2. Nf3 d6 3. d4 cxd4 4. Nxd4 Nf6 5. Nc3 a6 6. Be3 Nc6 7. Nxc6 bxc6 8. f3 e5 9. Qd2 d5 10. exd5 cxd5 11. Bg5 d4 12. Ne4 Nxe4 13. fxe4 f6 14. Bh4 Bb7 15. Bd3 Qb6 16. c3 dxc3 17. bxc3 Bc5 18. Bf2 Bxf2+ 19. Qxf2 Qxf2+ 20. Kxf2 Rc8 21. Rab1 Rc7 22. Rb3 O-O 23. Rhb1 Ba8 24. Ke3 a5 25. Rb8 Rcc8 26. Rxc8 Rxc8 27. Rb5 1-0


[Site "https://www.chess.com"]

[Event "Titled Tuesday Blitz April 26 Early 2022"]
[White "Bilych, Olexiy"]
[Black "Pires, Marcos Vinicius Torsani"]
[WhiteFideId "14156504"]
[BlackFideId "2118939"]
[WhiteElo "2176"]
[BlackElo "2273"]
[Result "1-0"]
[Round "01"]
[TimeControl "180+1"]
[Date "2022.04.26"]
[WhiteClock "0:00:49"]
[BlackClock "0:00:15"]

1. e4 d5 2. exd5 Qxd5 3. Nc3 Qd8 4. d4 Nf6 5. Nf3 c6 6. Ne5 Bf5 7. Bc4 e6 8. g4 Be4 9. Nxe4 Nxe4 10. Qf3 Nd6 11. Bb3 Be7 12. Bd2 O-O 13. O-O-O Nd7 14. h4 a5 15. a3 Qc7 16. h5 Nb5 17. Nxd7 Qxd7 18. Be3 a4 19. Ba2 Bxa3 20. bxa3 Nc3 21. Bc4 Qd6 22. Kb2 Nxd1+ 23. Rxd1 b5 24. Bd3 b4 25. h6 Rfb8 26. Qe4 bxa3+ 27. Ka1 g6 28. Qe5 Qf8 29. d5 Ra5 30. Bd4 f6 31. Qxe6+ Kh8 32. Bxf6+ 1-0


[Site "https://www.chess.com"]

[Event "Titled Tuesday Blitz April 26 Early 2022"]
[White "Blokhin, Sofia"]
[Black "Kim, Sergey"]
[WhiteFideId "4508190"]
[BlackFideId "13700570"]
[WhiteElo "1764"]
[BlackElo "2553"]
[Result "1/2-1/2"]
[Round "01"]
[TimeControl "180+1"]
[Date "2022.04.26"]
[WhiteClock "0:00:23"]
[BlackClock "0:01:00"]

1. d4 Nf6 2. c4 g6 3. Nc3 Bg7 4. e4 d6 5. f3 O-O 6. Be3 Nc6 7. Qd2 a6 8. O-O-O b5 9. g4 h5 10. gxh5 Nxh5 11. Nge2 e5 12. d5 Na5 13. Ng3 Nf4 14. h4 Nxc4 15. Bxc4 bxc4 16. Bxf4 exf4 17. Qxf4 Be5 18. Qh6 Bxg3 19. h5 Qf6 20. Ne2 Bh4 21. Rxh4 Qxh4 22. Rg1 Bg4 23. Nf4 Qf2 24. Rxg4 Qe1+ 25. Kc2 Qf2+ 26. Kc1 Qe1+ 27. Kc2 Qf2+ 28. Kc1 1/2-1/2


[Site "https://www.chess.com"]

[Event "Titled Tuesday Blitz April 26 Early 2022"]
[White "Bluebaum, Matthias"]
[Black "Al-Tarboush, Ward"]
[WhiteFideId "24651516"]
[BlackFideId "7601450"]
[WhiteElo "2550"]
[BlackElo "2276"]
[Result "0-1"]
[Round "01"]
[TimeControl "180+1"]
[Date "2022.04.26"]
[WhiteClock "0:00:10"]
[BlackClock "0:00:16"]

1. d4 d5 2. c4 c6 3. Nc3 Nf6 4. e3 e6 5. Nf3 Nbd7 6. Be2 dxc4 7. a4 Bd6 8. O-O O-O 9. Bxc4 e5 10. h3 Qe7 11. Bb3 Rd8 12. Ng5 Rf8 13. Qc2 h6 14. Nf3 exd4 15. exd4 Nb6 16. Bxh6 gxh6 17. Qg6+ Kh8 18. Qxh6+ Nh7 19. Bc2 f6 20. Nh4 Qg7 21. Ng6+ Kg8 22. Bb3+ Nd5 23. Qh5 Be6 24. Rae1 Bf7 25. Nxd5 cxd5 26. Bxd5 Bxd5 27. Qxd5+ Qf7 28. Qxd6 Qxg6 29. Re3 Rad8 30. Qc7 Qf7 31. Re7 Qg6 32. Rfe1 Ng5 33. R1e3 Rxd4 34. Rg3 Rd1+ 35. Kh2 Rf7 36. f4 Qb1 37. Rxg5+ fxg5 38. Rxf7 Rh1+ 39. Kg3 Qd3+ 40. Kg4 Qe2+ 41. Kxg5 Qxg2+ 42. Kf5 Qd5+ 43. Kf6 Qd4+ 44. Kg6 Rg1+ 45. Kh6 Qh8+ 46. Rh7 Qf6+ 47. Kh5 Qf5+ 48. Kh4 Qf6+ 49. Kh5 Qg6+ 50. Kh4 Qg3+ 51. Kh5 Qxh3# 0-1


[Site "https://www.chess.com"]

[Event "Titled Tuesday Blitz April 26 Early 2022"]
[White "Brodowski, Piotr"]
[Black "Pham, Tran Gia Phuc"]
[WhiteFideId "1124480"]
[BlackFideId "12415669"]
[WhiteElo "2422"]
[BlackElo "1789"]
[Result "0-1"]
[Round "01"]
[TimeControl "180+1"]
[Date "2022.04.26"]
[WhiteClock "0:00:10"]
[BlackClock "0:00:19"]

1. e4 c5 2. Nf3 d6 3. d4 cxd4 4. Nxd4 Nf6 5. Nc3 a6 6. a3 b5 7. Bg5 e6 8. f4 Be7 9. Qf3 Bb7 10. O-O-O Nbd7 11. g4 Qc7 12. Bg2 h6 13. h4 O-O-O 14. Bxf6 Bxf6 15. Ndxb5 axb5 16. Nxb5 Qb6 17. Nxd6+ Kb8 18. c3 Nc5 19. Nxb7 Qxb7 20. e5 Qxf3 21. Bxf3 Be7 22. b4 Nd3+ 23. Kc2 Nxf4 24. a4 Rxd1 25. Rxd1 Bxh4 26. Rd7 f6 27. a5 fxe5 28. a6 Nd5 29. Rb7+ Ka8 30. c4 Rf8 31. Be4 Rf4 32. cxd5 Rxe4 33. dxe6 Rc4+ 34. Kb3 Rc8 35. b5 Rb8 36. e7 Re8 37. b6 Rxe7 38. Rxe7 Bxe7 39. Kc4 Bg5 40. Kd5 Be3 41. b7+ Ka7 42. Kxe5 Bg5 43. Kf5 Bf6 44. Kg6 Be5 45. Kh7 Kb8 46. Kg6 Bf6 47. Kf7 Kc7 48. Kg6 Kb8 49. Kh7 Be5 50. Kg6 Ka7 51. Kh7 Kxa6 52. b8=Q Bxb8 53. Kxg7 Bf4 54. Kg6 Kb5 55. Kh5 Bg5 56. Kg6 Kc4 57. Kf5 Kd5 58. Kg6 Ke4 59. Kh5 Kf4 60. Kg6 Kxg4 61. Kf7 h5 62. Ke6 h4 63. Kd5 h3 64. Ke4 h2 65. Kd3 h1=Q 66. Ke2 0-1


[Site "https://www.chess.com"]

[Event "Titled Tuesday Blitz April 26 Early 2022"]
[White "Buscar, Michael"]
[Black "Abdrlauf, Elham"]
[WhiteFideId "2603616"]
[BlackFideId "1533533"]
[WhiteElo "2010"]
[BlackElo "2334"]
[Result "0-1"]
[Round "01"]
[TimeControl "180+1"]
[Date "2022.04.26"]
[WhiteClock "0:00:27"]
[BlackClock "0:00:45"]

1. Nf3 g6 2. g3 Bg7 3. Bg2 e6 4. O-O Ne7 5. c4 O-O 6. d3 d5 7. cxd5 exd5 8. Qc2 Nd7 9. Be3 b6 10. Bd4 Bxd4 11. Nxd4 c5 12. Nb5 Ba6 13. a4 Nf6 14. N1c3 Qd7 15. d4 Rac8 16. Qd2 Rfd8 17. Rfd1 Kg7 18. Qf4 Qe6 19. Bf3 Bxb5 20. Nxb5 Rd7 21. h4 Nf5 22. dxc5 bxc5 23. h5 Rcd8 24. hxg6 hxg6 25. Kg2 a6 26. Nc3 d4 27. Ne4 Nxe4 28. Bxe4 Nd6 29. Bc6 Re7 30. Rh1 Nf5 31. Bf3 Qe5 32. Qg5 Ne3+ 33. Qxe3 dxe3 34. Rh4 exf2 35. Rah1 Rd2 36. Re4 Qxe4 37. Bxe4 Rxe4 0-1


[Site "https://www.chess.com"]

[Event "Titled Tuesday Blitz April 26 Early 2022"]
[White "Chigaev, Maksim"]
[Black "Lamaze, Simon"]
[WhiteFideId "4108116"]
[BlackFideId "36069264"]
[WhiteElo "2478"]
[BlackElo "1999"]
[Result "1-0"]
[Round "01"]
[TimeControl "180+1"]
[Date "2022.04.26"]
[WhiteClock "0:00:56"]
[BlackClock "0:01:25"]

1. d4 Nf6 2. c4 e6 3. Nf3 b6 4. g3 Ba6 5. b3 Bb4+ 6. Bd2 Be7 7. Nc3 d5 8. Bg2 O-O 9. O-O Re8 10. Ne5 Bb7 11. Bf4 a6 12. Rc1 Nbd7 13. Qc2 Rc8 14. Rfd1 c5 15. cxd5 exd5 16. Nxd7 Qxd7 17. dxc5 Bxc5 18. Qd3 Rcd8 19. Na4 Ne4 20. Bxe4 Rxe4 21. Rxc5 bxc5 22. Nxc5 1-0


[Site "https://www.chess.com"]

[Event "Titled Tuesday Blitz April 26 Early 2022"]
[White "Chincholimath, Halsagar"]
[Black "Riehle, Marco"]
[WhiteFideId "5022487"]
[BlackFideId "12904392"]
[WhiteElo "1737"]
[BlackElo "2462"]
[Result "0-1"]
[Round "01"]
[TimeControl "180+1"]
[Date "2022.04.26"]
[WhiteClock "0:00:16"]
[BlackClock "0:02:26"]

1. e4 e5 2. Nf3 Nf6 3. Nxe5 Nxe4 4. Qe2 Qe7 5. Qxe4 d6 6. d4 dxe5 7. dxe5 Nc6 8. Bb5 Bd7 9. O-O O-O-O 10. Bf4 g5 11. Bg3 f5 12. Qa4 f4 13. Bxc6 Bxc6 14. Qxa7 Qc5 15. Qa8+ Kd7 16. Rd1+ Bd6 17. Qa3 Qxe5 18. c4 fxg3 19. hxg3 b6 20. Nc3 Kc8 21. Qb3 Bc5 22. Nd5 Qe2 23. Rf1 Bxd5 24. cxd5 Rhf8 25. Rae1 Bxf2+ 0-1


[Site "https://www.chess.com"]

[Event "Titled Tuesday Blitz April 26 Early 2022"]
[White "Chojnacki, Slawomir"]
[Black "Martinez Alcantara, Jose Eduardo"]
[WhiteFideId "1117076"]
[BlackFideId "3805662"]
[WhiteElo "2084"]
[BlackElo "2690"]
[Result "0-1"]
[Round "01"]
[TimeControl "180+1"]
[Date "2022.04.26"]
[WhiteClock "0:00:45"]
[BlackClock "0:00:27"]

1. d4 Nf6 2. Nf3 e6 3. c3 b6 4. Bg5 Bb7 5. Nbd2 Be7 6. Qc2 c5 7. e3 d6 8. Bb5+ Nbd7 9. Qa4 a6 10. Bxd7+ Qxd7 11. Qxd7+ Nxd7 12. Bxe7 Kxe7 13. O-O Rac8 14. Rfd1 Rc7 15. Ng5 Nf6 16. f3 Rd8 17. Nge4 Nd5 18. Kf2 f5 19. Ng3 cxd4 20. exd4 Nf4 21. Ndf1 g5 22. Ne2 Ng6 23. Re1 Kf6 24. Rad1 h5 25. g3 h4 26. f4 hxg3+ 27. hxg3 g4 28. Nd2 Rh8 29. Ke3 Rh2 30. Rg1 Re7 31. Nf1 Rh8 32. Kd2 Bf3 33. Re1 e5 34. fxe5+ dxe5 35. Ne3 Rd8 36. Rgf1 Kg5 37. Rf2 f4 38. gxf4+ exf4 39. Rxf3 gxf3 40. Rg1+ Kf6 41. Ng4+ Kg7 42. Nc1 Rd5 43. Rf1 Rg5 44. Nf2 Rg2 45. Kd3 Nh4 46. Nb3 Re3+ 47. Kc4 Nf5 48. Nd1 Ng3 49. Nxe3 fxe3 50. Rxf3 e2 51. Nc1 e1=Q 52. Nd3 Qe6+ 53. d5 Qe4+ 54. Kb3 Qxd5+ 55. Ka3 Qxf3 0-1


[Site "https://www.chess.com"]